 Dungeon Crawl Stone Soup version 0.18.1-50-g88ac8fd (webtiles) character file.

59 Gargoyl the Skirmisher (level 3, -1/29 HPs)
             Began as a Demonspawn Abyssal Knight on Oct 28, 2016.
             Was a Follower of Lugonu.
             Killed from afar by Terence (9 damage)
             ... with a wand of flame
             ... on level 2 of the Dungeon.
             The game lasted 00:03:30 (2552 turns).

Gargoyl the Skirmisher (Demonspawn Abyssal Knight)  Turns: 2552, Time: 00:03:30

Health: -1/29      AC: 11    Str: 13    XL:     3   Next: 78%
Magic:  5/5        EV: 11    Int: 13    God:    Lugonu [*.....]
Gold:   94         SH:  0    Dex: 12    Spells: 0 memorised, 2 levels left

rFire  . . .     SeeInvis .     d - +0 broad axe
rCold  . . .     Gourm    .     f - +0 pearl dragon armour
rNeg   + + .     Faith    .     (no shield)
rPois  .         Spirit   .     (helmet restricted)
rElec  .         Dismiss  .     (no cloak)
rCorr  .         Reflect  .     (no gloves)
SustAt .         Harm     .     (no boots)
MR     .....                    (no amulet)
Stlth  ..........               (no ring)
                                i - ring of positive energy

@: not resistant to hostile enchantments, extremely unstealthy
A: horns 1, repulsion field 1
a: Depart the Abyss, Renounce Religion


You were on level 2 of the Dungeon.
You worshipped Lugonu.
Lugonu was aware of your devotion.
You were hungry.

You visited 1 branch of the dungeon, and saw 2 of its levels.
You visited the Abyss 1 time.

You collected 94 gold pieces.

Inventory:

Hand Weapons
 a - a +1 hand axe
 d - a +0 broad axe (weapon)
Armour
 f - a +0 pearl dragon armour (worn)
Jewellery
 i - a ring of positive energy (left hand)
Scrolls
 l - a scroll of amnesia
 m - a scroll of teleportation {unknown}
 o - 2 scrolls of remove curse
Potions
 e - 3 potions of heal wounds {unknown}
 g - a potion of lignification {unknown}
 h - a potion of ambrosia {unknown}
Comestibles
 c - a bread ration


   Skills:
 + Level 3.4 Fighting
 + Level 2.0 Axes
 * Level 2.4 Armour
 + Level 1.6 Dodging
 * Level 3.3 Invocations


You had 2 spell levels left.
You didn't know any spells.

Dungeon Overview and Level Annotations

Branches:
Dungeon (2/15)

Altars:

Annotations:
D:2 Terence


Innate Abilities, Weirdness & Mutations

You have a pair of small horns on your head.
You are surrounded by a mild repulsion field (EV +2).


Message History

Terence is almost dead.
Terence hits you with a hand axe. Terence barely misses you.
You hit Terence but do no damage. You headbutt Terence, but do no damage.
Terence is almost dead.
Terence zaps a wand.
The puff of flame hits you!
You hit Terence but do no damage.
Terence is almost dead.
Terence closely misses you. Terence barely misses you.
You barely miss Terence.
Terence is almost dead.
Terence zaps a wand.
The puff of flame hits you!
Your pearl dragon armour prevents you from hitting Terence.
You headbutt Terence, but do no damage.
Terence is almost dead.
Terence zaps a wand.
The puff of flame hits you!
* * * LOW HITPOINT WARNING * * *
You hit Terence but do no damage. You headbutt Terence, but do no damage.
Terence is almost dead.
Terence zaps a wand.
The puff of flame hits you!
You die...

#....#####.......#..##..
#...#####....###.....# .
###...†......# ...##.#
####.......##......#
#.....#........... .
.........$........(..
..##.......##.#... .
#....###.# .#... ...#.##
#@# .# .. ##.... #@#
....# #h.?..# .# #.#.###
#...# ... # .... ####


You could see Terence and a jackal.

Vanquished Creatures
  An adder (D:2)
  An ooze (D:1)
  2 dart slugs (D:1)
  2 giant geckos (D:1)
  6 bats
  3 giant cockroaches (D:1)
  4 goblins (D:1)
  3 hobgoblins (D:1)
  5 jackals
  3 kobolds
  3 giant newts (D:1)
  3 rats
36 creatures vanquished.

Notes
Turn   | Place    | Note
--------------------------------------------------------------
     0 | Abyss:1  | Gargoyl the Demonspawn Abyssal Knight began the quest for the Orb.
     0 | Abyss:1  | Reached XP level 1. HP: 18/18 MP: 2/2
   112 | Abyss:1  | Noticed a large abomination
   119 | Abyss:1  | Noticed a deep elf sorcerer
   132 | Abyss:1  | Noticed a vampire mage
   135 | Abyss:1  | Noticed a small abomination
   159 | Abyss:2  | Noticed a large abomination
   161 | D:1      | Escaped the Abyss
   683 | D:1      | Reached skill level 1 in Dodging
   683 | D:1      | Gained mutation: You are surrounded by a mild repulsion field (EV +2). [demonic ancestry]
   683 | D:1      | Reached XP level 2. HP: 17/24 MP: 4/4
   860 | D:1      | Reached * piety under Lugonu
  1376 | D:1      | Gained mutation: You have a pair of small horns on your head. [demonic ancestry]
  1376 | D:1      | Reached XP level 3. HP: 20/29 MP: 5/5
  2530 | D:2      | Noticed Terence
  2552 | D:2      | Killed from afar by Terence

Skill      XL: |  1  2  3 |
---------------+----------+-----
Armour         | 2 |  2.4
Dodging        | 1 |  1.6
Invocations    | 3 |  3.3
Axes           | 2 |  2.0
Fighting       | |  3.4

Action                   || total
-------------------------++-------
Melee: Broad axe         ||   134
       Headbutt          ||    11
Invok: Depart the Abyss  ||     1
  Use: Scroll            ||     5
  Eat: Chunk             ||     5
Armor: Leather armour    ||    18
       Ring mail         ||    20
       Pearl dragon armo ||    13
Dodge: Dodged            ||   108
